PL
LAS VEGAS FLAMINGOS @ BOSTON PATRIOTS
08/13/2029
 
TOP OF THE 1ST
Las Vegas Flamingos batting - Pitching for Boston Patriots : RHP Cameron Frye
Pitching: RHP Cameron Frye
Batting: RHB Sake van Arem 0-0: Swinging Strike
0-1: SINGLE (Groundball, 6D)
Batting: LHB Ruud van Ineveld 0-0: Called Strike
0-1: Ball
1-1: Ball
2-1: Foul Ball, location: 2F
2-2: Ball
3-2: Foul Ball, location: 2F
3-2: Fly out, F9 (Flyball, 9S)
Batting: SHB Glyn Bolasky 0-0: Ball
1-0: Called Strike
1-1: Ball
2-1: Ball
3-1: Base on Balls
Sake van Arem to second
Batting: RHB Sergio Ortíz 0-0: Called Strike
0-1: Fly out, F7 (Line Drive, 7D)
Runner from 2nd tags up, SAFE at 3rd, no throw
Batting: RHB Xavier Hernández 0-0: SINGLE (Line Drive, 9)
Sake van Arem scores
Glyn Bolasky to second
Batting: RHB Rodney Usry 0-0: Swinging Strike
0-1: Fielders Choice at 2nd, 6-4 (Groundball, 6D)
Top of the 1st over - 1 run, 2 hits, 0 errors, 2 left on base; Las Vegas 1 - Boston 0
BOTTOM OF THE 1ST
Boston Patriots batting - Pitching for Las Vegas Flamingos : LHP Juan Cardenas
Pitching: LHP Juan Cardenas
Batting: RHB Tamasaburo Kato 0-0: Foul Ball, location: 2F
0-1: Called Strike
0-2: Foul Ball, location: 2F
0-2: Strikes out swinging
Batting: RHB Karl Schultz 0-0: Ball
1-0: Ball
2-0: Foul Ball, location: 2F
2-1: Called Strike
2-2: Ball
3-2: Base on Balls
Batting: RHB Tommy Jones 0-0: Ball
1-0: Swinging Strike
1-1: SINGLE (Line Drive, 7LM)
Karl Schultz to second
Batting: RHB Juan Tapia 0-0: Called Strike
0-1: Ball
1-1: Ball
2-1: Foul Ball, location: 2F
2-2: SINGLE (Groundball, 6D)
Karl Schultz to third
Tommy Jones to second
Runner from 3rd tries for Home, SAFE, no throw
Batting: RHB Terry Armstrong 0-0: Ball
1-0: Swinging Strike
1-1: Foul Ball, location: 2F
1-2: Ball
2-2: Ball
3-2: Fly out, F8 (Flyball, 8RD)
Runner from 2nd tags up, SAFE at 3rd with throw
Batting: RHB Eddie O'Bryan 0-0: Fly out, F9 (Flyball, 9LM)
Bottom of the 1st over - 1 run, 2 hits, 0 errors, 2 left on base; Las Vegas 1 - Boston 1
TOP OF THE 2ND
Las Vegas Flamingos batting - Pitching for Boston Patriots : RHP Cameron Frye
Batting: LHB Victor Adams 0-0: Ball
1-0: Foul Ball, location: 2F
1-1: Foul Ball, location: 2F
1-2: Ball
2-2: Strikes out looking
Batting: LHB Job Pels 0-0: Ball
1-0: DOUBLE (Groundball, 3L)
Batting: LHB José Alonso 0-0: Fly out, F8 (Flyball, 78D)
Batting: RHB Sake van Arem 0-0: Called Strike
0-1: Ball
1-1: Foul Ball, location: 2F
1-2: Strikes out looking
Top of the 2nd over - 0 runs, 1 hit, 0 errors, 1 left on base; Las Vegas 1 - Boston 1
BOTTOM OF THE 2ND
Boston Patriots batting - Pitching for Las Vegas Flamingos : LHP Juan Cardenas
Batting: RHB Sotaro Sakata 0-0: Ball
1-0: Called Strike
1-1: Foul Ball, location: 2F
1-2: Foul Ball, location: 2F
1-2: SINGLE (Line Drive, 34D)
Batting: LHB Ramón Félix 0-0: Ball
1-0: Called Strike
1-1: Ball
2-1: Foul Ball, location: 2F
2-2: Strikes out swinging
Batting: RHB Miguel Márquez 0-0: Ball
1-0: Foul Ball, location: 2F
1-1: Swinging Strike
1-2: Foul Ball, location: 2F
1-2: Strikes out swinging
Batting: RHB Tamasaburo Kato 0-0: Swinging Strike
0-1: Fielders Choice at 2nd, 5-4 (Groundball, 5L)
Bottom of the 2nd over - 0 runs, 1 hit, 0 errors, 1 left on base; Las Vegas 1 - Boston 1
TOP OF THE 3RD
Las Vegas Flamingos batting - Pitching for Boston Patriots : RHP Cameron Frye
Batting: LHB Ruud van Ineveld 0-0: Swinging Strike
0-1: Ground out 3-1 (Groundball, 34S)
Batting: SHB Glyn Bolasky 0-0: Foul Ball, location: 2F
0-1: Ball
1-1: Called Strike
1-2: Ball
2-2: Foul Ball, location: 2F
2-2: SINGLE (Line Drive, 4D)
Batting: RHB Sergio Ortíz 0-0: Ball
1-0: Ball
2-0: SINGLE (Line Drive, 4MD)
Glyn Bolasky to second
Batting: RHB Xavier Hernández 0-0: Called Strike
0-1: Ball
1-1: Ball
2-1: Swinging Strike
2-2: Ball
3-2: Fly out, F8 (Flyball, 8RD)
Batting: RHB Rodney Usry 0-0: Called Strike
0-1: Called Strike
0-2: Strikes out looking
Top of the 3rd over - 0 runs, 2 hits, 0 errors, 2 left on base; Las Vegas 1 - Boston 1
BOTTOM OF THE 3RD
Boston Patriots batting - Pitching for Las Vegas Flamingos : LHP Juan Cardenas
Batting: RHB Karl Schultz 0-0: Called Strike
0-1: Ball
1-1: Swinging Strike
1-2: Ball
2-2: SINGLE (Line Drive, 56D)
Batting: RHB Tommy Jones 0-0: Called Strike
0-1: Swinging Strike
0-2: Foul Ball, location: 2F
0-2: Ball
1-2: DOUBLE (Line Drive, 8RXD)
Karl Schultz to third
Runner from 3rd tries for Home, SAFE, no throw
Pinch Runner at 2nd Alberto Enríquez:
Batting: RHB Juan Tapia 0-0: Ground out 6-3 (Groundball, 6)
Alberto Enríquez to third
Batting: RHB Terry Armstrong 0-0: Ball
1-0: Ball
2-0: Foul Ball, location: 2F
2-1: Ground out 5-3 (Groundball, 56)
Alberto Enríquez scores
Batting: RHB Eddie O'Bryan 0-0: Called Strike
0-1: Ball
1-1: SINGLE (Groundball, 6D)
Batting: RHB Sotaro Sakata 0-0: Called Strike
0-1: Ground out 4-3 (Groundball, 4)
Bottom of the 3rd over - 2 runs, 3 hits, 0 errors, 1 left on base; Las Vegas 1 - Boston 3
TOP OF THE 4TH
Las Vegas Flamingos batting - Pitching for Boston Patriots : RHP Cameron Frye
Now in CF: Alberto Enríquez
Batting: LHB Victor Adams 0-0: Foul Ball, location: 2F
0-1: Ball
1-1: Foul Ball, location: 2F
1-2: Foul Ball, location: 2F
1-2: Strikes out swinging
Batting: LHB Job Pels 0-0: Swinging Strike
0-1: Ball
1-1: Foul Ball, location: 2F
1-2: Ball
2-2: Foul Ball, location: 2F
2-2: Ball
3-2: SINGLE (Line Drive, 56)
Batting: LHB José Alonso 0-0: Ball
1-0: Ball
2-0: Ball
3-0: DOUBLE (Line Drive, 9LD)
Job Pels to third
Batting: RHB Sake van Arem 0-0: Ball
1-0: SINGLE (Line Drive, 89S)
Job Pels scores
José Alonso to third
Batting: LHB Ruud van Ineveld 0-0: Ball
1-0: Ball
2-0: Ground out 4-3 (Groundball, 34)
José Alonso scores
Sake van Arem to second
Batting: SHB Glyn Bolasky 0-0: Ball
1-0: Swinging Strike
1-1: Ball
2-1: Ball
3-1: Foul Ball, location: 2F
3-2: Strikes out swinging
Top of the 4th over - 2 runs, 3 hits, 0 errors, 1 left on base; Las Vegas 3 - Boston 3
BOTTOM OF THE 4TH
Boston Patriots batting - Pitching for Las Vegas Flamingos : LHP Juan Cardenas
Batting: LHB Ramón Félix 0-0: Foul Ball, location: 2F
0-1: Swinging Strike
0-2: Foul Ball, location: 2F
0-2: Strikes out looking
Batting: RHB Miguel Márquez 0-0: Ball
1-0: Swinging Strike
1-1: Foul Ball, location: 2F
1-2: Strikes out swinging
Batting: RHB Tamasaburo Kato 0-0: SINGLE (Line Drive, 4MD)
Batting: RHB Karl Schultz 0-0: Swinging Strike
0-1: Foul Ball, location: 2F
0-2: DOUBLE (Flyball, 8LXD)
Tamasaburo Kato to third
Runner from 3rd tries for Home, SAFE, no throw
Batting: LHB Alberto Enríquez 0-0: Called Strike
0-1: Called Strike
0-2: Fly out, F6 (Popup, 6)
Bottom of the 4th over - 1 run, 2 hits, 0 errors, 1 left on base; Las Vegas 3 - Boston 4
TOP OF THE 5TH
Las Vegas Flamingos batting - Pitching for Boston Patriots : RHP Cameron Frye
Batting: RHB Sergio Ortíz 0-0: Called Strike
0-1: Foul Ball, location: 2F
0-2: Ball
1-2: Ball
2-2: Strikes out swinging
Batting: RHB Xavier Hernández 0-0: Ball
1-0: Called Strike
1-1: Ball
2-1: Foul Ball, location: 2F
2-2: DOUBLE (Groundball, 5L)
Batting: RHB Rodney Usry 0-0: Foul Ball, location: 2F
0-1: Swinging Strike
0-2: Ball
1-2: Strikes out swinging
Batting: LHB Victor Adams 0-0: Ball
1-0: Called Strike
1-1: Swinging Strike
1-2: Foul Ball, location: 2F
1-2: Fly out, F4 (Popup, 4)
Top of the 5th over - 0 runs, 1 hit, 0 errors, 1 left on base; Las Vegas 3 - Boston 4
BOTTOM OF THE 5TH
Boston Patriots batting - Pitching for Las Vegas Flamingos : LHP Juan Cardenas
Batting: RHB Juan Tapia 0-0: Ball
1-0: Reached on error, E5 (Groundball, 56)
Batting: RHB Terry Armstrong 0-0: Fly out, F5 (Line Drive, 5)
Batting: RHB Eddie O'Bryan 0-0: Ground out 4-3 (Groundball, 34)
Juan Tapia to second
Batting: RHB Sotaro Sakata 0-0: Called Strike
0-1: Ball
1-1: Swinging Strike
1-2: Strikes out looking
Bottom of the 5th over - 0 runs, 0 hits, 1 error, 1 left on base; Las Vegas 3 - Boston 4
TOP OF THE 6TH
Las Vegas Flamingos batting - Pitching for Boston Patriots : RHP Cameron Frye
Batting: LHB Job Pels 0-0: Ball
1-0: Ball
2-0: Ball
3-0: Base on Balls
Batting: LHB José Alonso 0-0: Ball
1-0: Swinging Strike
1-1: SINGLE (Flyball, 78M)
Job Pels to second
Batting: RHB Sake van Arem 0-0: Bunted foul
0-1: Ball
1-1: Sac Bunt - play at first, batter OUT! 3-4
Job Pels to third
José Alonso to second
Pitching: RHP John Kaufman
Batting: LHB Ruud van Ineveld 0-0: Called Strike
0-1: Ball
1-1: Swinging Strike
1-2: Strikes out swinging
Batting: SHB Glyn Bolasky 0-0: Called Strike
0-1: Foul Ball, location: 2F
0-2: Ball
1-2: Fly out, F7 (Flyball, 78M)
Top of the 6th over - 0 runs, 1 hit, 0 errors, 2 left on base; Las Vegas 3 - Boston 4
BOTTOM OF THE 6TH
Boston Patriots batting - Pitching for Las Vegas Flamingos : LHP Juan Cardenas
Batting: LHB Ramón Félix 0-0: Ball
1-0: Called Strike
1-1: Fly out, F8 (Flyball, 89S)
Batting: RHB Miguel Márquez 0-0: Ball
1-0: Foul Ball, location: 2F
1-1: Ball
2-1: Foul Ball, location: 2F
2-2: Strikes out swinging
Batting: RHB Tamasaburo Kato 0-0: Ball
1-0: Foul Ball, location: 2F
1-1: Swinging Strike
1-2: Ball
2-2: Ground out 5-3 (Groundball, 56)
Bottom of the 6th over - 0 runs, 0 hits, 0 errors, 0 left on base; Las Vegas 3 - Boston 4
TOP OF THE 7TH
Las Vegas Flamingos batting - Pitching for Boston Patriots : RHP John Kaufman
Batting: RHB Sergio Ortíz 0-0: Ball
1-0: Called Strike
1-1: Swinging Strike
1-2: Ball
2-2: Foul Ball, location: 2F
2-2: Ball
3-2: Base on Balls
Batting: RHB Xavier Hernández 0-0: Called Strike
0-1: Foul Ball, location: 2F
0-2: Ball
1-2: Ball
2-2: Reached on error, E4 (Groundball, 34)
Sergio Ortíz to second
Batting: RHB Rodney Usry 0-0: Called Strike
0-1: Ball
1-1: Foul Ball, location: 2F
1-2: Strikes out swinging
Batting: LHB Victor Adams 0-0: Called Strike
0-1: Ball
1-1: Swinging Strike
1-2: Strikes out looking
Batting: LHB Job Pels 0-0: Called Strike
0-1: Called Strike
0-2: Ball
1-2: Strikes out swinging
Top of the 7th over - 0 runs, 0 hits, 1 error, 2 left on base; Las Vegas 3 - Boston 4
BOTTOM OF THE 7TH
Boston Patriots batting - Pitching for Las Vegas Flamingos : LHP Juan Cardenas
Batting: RHB Karl Schultz 0-0: Ball
1-0: Foul Ball, location: 2F
1-1: Ball
2-1: Foul Ball, location: 2F
2-2: Foul Ball, location: 2F
2-2: Foul Ball, location: 2F
2-2: Ball
3-2: Fly out, F7 (Flyball, 7S)
Pitching: RHP Enrique García
Batting: LHB Alberto Enríquez 0-0: Ball
1-0: SINGLE (Flyball, 7LS)
Batting: RHB Juan Tapia 0-0: SINGLE (Groundball, 4MD)
Alberto Enríquez to second
Batting: RHB Terry Armstrong 0-0: Grounds into double play, 5-4-3 (Groundball, 56)
Bottom of the 7th over - 0 runs, 2 hits, 0 errors, 1 left on base; Las Vegas 3 - Boston 4
TOP OF THE 8TH
Las Vegas Flamingos batting - Pitching for Boston Patriots : RHP John Kaufman
Batting: LHB José Alonso 0-0: Called Strike
0-1: Ball
1-1: Ball
2-1: Ball
3-1: Called Strike
3-2: Foul Ball, location: 2F
3-2: Strikes out swinging
Batting: RHB Sake van Arem 0-0: Called Strike
0-1: Ball
1-1: Called Strike
1-2: Ground out 4-3 (Groundball, 4)
Batting: LHB Ruud van Ineveld 0-0: Ball
1-0: Called Strike
1-1: Ball
2-1: Called Strike
2-2: Foul Ball, location: 2F
2-2: Strikes out looking
Top of the 8th over - 0 runs, 0 hits, 0 errors, 0 left on base; Las Vegas 3 - Boston 4
BOTTOM OF THE 8TH
Boston Patriots batting - Pitching for Las Vegas Flamingos : RHP Enrique García
Batting: RHB Eddie O'Bryan 0-0: Ball
1-0: Foul Ball, location: 2F
1-1: Ball
2-1: Ground out 5-3 (Groundball, 5)
Batting: RHB Sotaro Sakata 0-0: Called Strike
0-1: Ball
1-1: Called Strike
1-2: Foul Ball, location: 2F
1-2: Foul Ball, location: 2F
1-2: Foul Ball, location: 2F
1-2: Ground out U3 (Groundball, 3)
Batting: LHB Ramón Félix 0-0: Swinging Strike
0-1: Fly out, F8 (Flyball, 8RS)
Bottom of the 8th over - 0 runs, 0 hits, 0 errors, 0 left on base; Las Vegas 3 - Boston 4
TOP OF THE 9TH
Las Vegas Flamingos batting - Pitching for Boston Patriots : RHP John Kaufman
Pitching: RHP Folkert van Huizen
Batting: SHB Glyn Bolasky 0-0: Swinging Strike
0-1: Swinging Strike
0-2: Ball
1-2: Ball
2-2: Strikes out swinging
Batting: RHB Sergio Ortíz 0-0: Ball
1-0: Called Strike
1-1: Ball
2-1: Ball
3-1: Fly out, F8 (Flyball, 8LM)
Batting: RHB Xavier Hernández 0-0: Called Strike
0-1: Ball
1-1: Ball
2-1: Ball
3-1: Foul Ball, location: 2F
3-2: Ground out 5-3 (Groundball, 56S)
Top of the 9th over - 0 runs, 0 hits, 0 errors, 0 left on base; Las Vegas 3 - Boston 4
Tuesday, December 19th, 2017 - OOTP Baseball 18.8 Build 76